Map: [ESL] Cosmic Sapphire

Players

Reynor - Winner!

  • Race: Zerg Zerg
  • Spawn Location: 11:00

GunGFuBanDa

  • Race: Protoss Protoss
  • Spawn Location: 5:00

Event: DreamHack SC2 Masters 2022 Atlanta (Online)

VOD

Have the link to the VOD?

Description

Time

  • Played on: Oct. 11, 2022, 1:24 p.m.
  • Length: 11:39

All games in this series

Show
View Real Time Build Order
Export as new Build Order

Reynor Zerg - Winner!

Build Orders: Hatch First 

Get SALT Encoding   

  12  0:00  Drone  
  13  0:11  Overlord  
  13  0:17  Drone  
  14  0:30  Drone x2  
  16  0:44  Drone  
  17  0:51  Hatchery  
  17  0:54  Drone  
  17  0:57  Drone  
  18  1:09  Extractor  
  17  1:13  Spawning Pool  
  17  1:16  Drone  
  17  1:20  Drone  
  18  1:28  Drone  
  19  1:38  Drone  
  20  1:48  Overlord  
  20  2:00  Queen  
  22  2:03  Queen  
  22  2:06  Drone x2  
  26  2:11  Zergling x2  
  26  2:13  Metabolic Boost, Zergling x2  
  28  2:22  Drone  
  29  2:24  Drone  
  30  2:32  Drone  
  31  2:40  Drone, Hatchery  
  31  2:42  Drone  
  32  2:47  Overlord  
  32  2:53  Drone  
  32  2:55  Queen  
  32  2:58  Drone  
  36  3:05  Queen  
  36  3:06  Drone  
  36  3:10  Overlord  
  39  3:13  Drone  
  39  3:16  Drone  
  39  3:17  Drone  
  39  3:19  Drone  
  43  3:24  Overlord  
  43  3:28  Drone  
  43  3:29  Drone  
  43  3:32  Queen  
  47  3:38  Drone  
  48  3:42  Drone  
  48  3:43  Queen  
  51  3:48  Roach Warren  
  51  3:53  Zergling x6  
  53  3:59  Zergling x2  
  53  4:01  Zergling x2  
  55  4:04  Overlord  
  55  4:05  Zergling x6  
  55  4:09  Zergling x2  
  58  4:15  Overlord  
  58  4:27  Spore Crawler  
  58  4:28  Roach x5  
  58  4:29  Roach x2  
  71  4:32  Spore Crawler  
  71  4:35  Roach  
  71  4:36  Drone  
  73  4:39  Drone  
  73  4:41  Overlord  
  73  4:42  Drone x2  
  76  4:47  Drone  
  76  4:48  Drone  
  76  4:50  Drone  
  79  4:54  Extractor  
  79  4:57  Drone x3  
  79  4:58  Overlord  
  81  5:01  Drone  
  81  5:02  Extractor  
  81  5:06  Queen  
  83  5:08  Overlord  
  83  5:10  Drone  
  84  5:14  Drone x2  
  84  5:15  Drone  
  84  5:16  Drone  
  84  5:17  Drone  
  89  5:24  Lair, Drone  
  87  5:28  Drone x2  
  87  5:30  Drone  
  87  5:34  Spore Crawler  
  90  5:35  Drone  
  90  5:36  Drone  
  90  5:38  Drone  
  90  5:40  Drone  
  90  5:41  Drone  
  90  5:42  Drone  
  95  5:44  Drone  
  95  5:46  Drone  
  95  5:49  Overlord  
  97  5:50  Drone  
  97  5:54  Drone x2  
  98  6:00  Drone  
  98  6:02  Drone  
  99  6:06  Drone  
  99  6:07  Drone, Evolution Chamber  
  99  6:09  Drone  
  99  6:10  Extractor  
  100  6:11  Hatchery  
  100  6:12  Drone x2, Extractor  
  100  6:20  Overlord  
  100  6:21  Drone x2  
  102  6:26  Overseer  
  102  6:27  Drone x2  
  102  6:28  Overseer, Drone x3  
  102  6:29  Glial Reconstitution  
  102  6:32  Extractor  
  106  6:34  Zerg Missile Weapons Level 1  
  106  6:35  Overlord  
  106  6:39  Roach x4  
  116  6:40  Roach  
  116  6:48  Roach x3  
  116  6:50  Overlord  
  116  6:52  Overlord  
  122  6:56  Roach x2  
  122  6:58  Overseer  
  126  7:05  Drone x4  
  126  7:06  Overlord  
  130  7:09  Drone x2  
  130  7:10  Drone x4, Spire  
  130  7:12  Overlord  
  135  7:19  Overlord  
  135  7:27  Drone x3  
  138  7:30  Baneling Nest, Roach x3  
  143  7:37  Drone x3  
  143  7:38  Spore Crawler  
  143  7:43  Spine Crawler  
  144  7:48  Overlord  
  144  7:52  Zergling x16  
  144  7:53  Spore Crawler  
  144  7:55  Zergling x2, Evolution Chamber  
  151  7:59  Zergling x10, Spore Crawler  
  151  8:04  Zergling x4  
  151  8:05  Zergling x6  
  160  8:06  Overlord  
  160  8:08  Drone x3  
  163  8:18  Centrifugal Hooks  
  163  8:21  Zerg Melee Weapons Level 1  
  163  8:24  Mutalisk x7  
  163  8:25  Mutalisk  
  178  8:27  Zergling x4  
  178  8:30  Drone  
  178  8:31  Extractor  
  180  8:38  Hatchery  
  178  8:42  Roach x3  
  178  8:43  Overlord  
  184  8:49  Overlord  
  184  8:55  Roach x2  
  184  8:59  Overlord  
  184  9:02  Baneling x18  
  184  9:03  Baneling  
  184  9:05  Zergling x14  
  184  9:06  Zergling x2  
  184  9:09  Drone  
  194  9:10  Drone  
  194  9:14  Zergling x16  
  199  9:20  Infestation Pit  
  198  9:26  Baneling  
  198  9:27  Baneling x10  
  198  9:35  Zergling x4  
  180  9:46  Zergling x2  
  180  9:47  Zergling x28  
  180  9:51  Ravager x6  
  199  9:57  Hive  
  199  10:00  Zergling x2  
  199  10:01  Zergling x2  
  193  10:07  Hatchery  
  193  10:11  Baneling x8  
  191  10:25  Zergling x26  
  197  10:31  Zergling x8  
  197  10:32  Zergling x2  
  197  10:33  Zergling x10  
  186  10:36  Roach x3  
  186  10:39  Zergling x4  
  177  10:43  Zergling x2  
  177  10:46  Zergling x2  
  177  10:49  Roach x2  
  172  10:52  Roach  
  172  10:53  Baneling x19  
  172  10:56  Zergling x2, Roach x3  
  179  10:59  Zergling x4  
  179  11:00  Zergling x6  
  179  11:01  Baneling  
  179  11:02  Baneling  
  179  11:03  Baneling x8  
  184  11:06  Zergling x2  
  184  11:11  Zergling x8  
  187  11:20  Zergling x10  
  181  11:33  Unknown  
Show
View Real Time Build Order
Export as new Build Order

GunGFuBanDa Protoss 

Build Orders: 1 Gate Expand, Zealot Archon, Archon Drop 

Get SALT Encoding   

  12  0:00  Probe  
  13  0:12  Probe  
  14  0:20  Pylon  
  14  0:24  Probe (Chrono Boost)  
  15  0:39  Probe (Chrono Boost)  
  15  0:41  Gateway  
  16  0:46  Probe (Chrono Boost)  
  17  0:51  Assimilator  
  17  0:53  Probe  
  18  1:05  Probe  
  19  1:17  Probe  
  20  1:26  Nexus  
  20  1:36  Cybernetics Core  
  20  1:38  Probe  
  21  1:44  Assimilator  
  21  1:50  Probe  
  21  1:53  Pylon  
  22  2:02  Probe (Chrono Boost)  
  23  2:13  Adept  
  23  2:14  Warp Gate  
  23  2:15  Probe (Chrono Boost)  
  26  2:22  Probe (Chrono Boost)  
  27  2:26  Twilight Council  
  27  2:29  Probe  
  28  2:38  Probe (Chrono Boost)  
  28  2:42  Probe (Chrono Boost)  
  28  2:43  Stalker  
  31  2:49  Probe (Chrono Boost)  
  32  2:52  Probe (Chrono Boost)  
  32  2:55  Probe (Chrono Boost)  
  32  2:56  Robotics Facility  
  34  2:59  Probe  
  34  3:00  Resonating Glaives (Chrono Boost)  
  35  3:07  Probe  
  36  3:13  Probe  
  36  3:19  Gateway  
  37  3:20  Adept  
  37  3:23  Probe  
  40  3:28  Gateway  
  40  3:33  Gateway  
  40  3:40  Warp Prism (Chrono Boost)  
  40  3:46  Probe  
  40  3:47  Probe  
  44  3:51  Pylon  
  44  4:00  Dark Shrine  
  44  4:05  Adept  
  44  4:09  Probe x2, Assimilator  
  48  4:10  Pylon  
  48  4:21  Probe  
  48  4:22  Probe  
  50  4:29  Adept x4  
  58  4:32  Pylon  
  58  4:33  Probe  
  59  4:41  Observer  
  60  4:49  Probe x2  
  62  5:01  Probe, Pylon  
  62  5:03  Probe  
  62  5:05  Assimilator  
  64  5:11  Nexus  
  64  5:12  Dark Templar x3  
  70  5:19  Probe  
  70  5:20  Pylon  
  71  5:32  Immortal (Chrono Boost)  
  71  5:34  Probe x2  
  77  5:38  Pylon  
  77  5:41  Shield Battery  
  77  5:45  Dark Templar  
  77  5:46  Probe  
  77  5:49  Probe  
  81  5:53  Forge  
  81  5:58  Probe  
  81  5:59  Pylon  
  82  6:04  Sentry  
  82  6:05  Zealot  
  82  6:07  Archon, Blink (Chrono Boost)  
  82  6:08  Archon  
  82  6:11  Gateway  
  86  6:12  Gateway  
  86  6:17  Probe x2  
  88  6:22  Zealot x2  
  88  6:23  Probe  
  88  6:24  Protoss Ground Weapons Level 1 (Chrono Boost)  
  91  6:29  Probe x2, Pylon  
  93  6:35  Probe  
  93  6:36  Robotics Bay  
  93  6:38  Sentry  
  96  6:41  Probe x2  
  97  6:49  Observer  
  97  6:53  Probe x2  
  100  6:54  Probe  
  100  6:57  Assimilator  
  100  6:59  Assimilator  
  100  7:01  Gateway x2  
  101  7:02  Stalker  
  101  7:03  Gateway, Stalker  
  105  7:21  Stalker  
  105  7:22  Stalker  
  109  7:28  Pylon  
  109  7:29  Pylon  
  109  7:31  Photon Cannon  
  109  7:34  Gateway  
  109  7:43  Gravitic Drive  
  109  7:44  Pylon x2  
  109  7:45  Disruptor (Chrono Boost)  
  109  7:46  Probe x3  
  109  7:48  Sentry  
  109  7:49  Sentry, Stalker x2  
  123  7:58  Probe  
  124  8:09  Photon Cannon  
  124  8:10  Probe x2, Pylon  
  126  8:15  Disruptor (Chrono Boost)  
  129  8:20  Protoss Ground Weapons Level 2 (Chrono Boost)  
  129  8:21  Stalker x4  
  129  8:22  Pylon  
  131  8:41  Disruptor (Chrono Boost)  
  134  8:56  Nexus, Dark Templar  
  134  8:57  Zealot x3, Dark Templar  
  134  8:58  Zealot x2  
  148  9:05  Shield Battery, Photon Cannon  
  148  9:07  Archon  
  148  9:16  Pylon  
  144  9:19  Pylon  
  144  9:21  Stalker x2  
  148  9:26  Shield Battery  
  148  9:30  Stalker  
  148  9:31  Stalker  
  149  9:36  Zealot, Stalker x2  
  149  9:37  Probe x2  
  149  9:39  Stalker x2  
  146  9:51  Stalker x3  
  146  9:54  Probe (Chrono Boost)  
  147  10:03  Probe x2 (Chrono Boost)  
  145  10:12  Dark Templar  
  145  10:13  Dark Templar  
  149  10:18  Stalker  
  149  10:19  Stalker  
  153  10:21  Stalker  
  137  10:42  Zealot x6  
  131  10:43  Stalker  
  131  10:48  Probe  
  100  11:03  Stalker x7  
  114  11:11  Assimilator  
  114  11:13  Stalker  
  114  11:16  Zealot  
  114  11:17  Zealot, Assimilator  
Tags
 
Add a new tag
Caveats
  • Supply blocks, unpowered buildings, or Contaminate may cause inaccurate times.
  • Supply counts are checked every 10 seconds.